 Dungeon Crawl Stone Soup version 0.29-a0-234-g0dae59b3db (webtiles) character file.

Game seed: 15737442644500224444

330 Aksej the Cudgeller (level 6, -6/49 HPs)
             Began as a Demonspawn Monk on Mar 3, 2022.
             Mangled by a water moccasin (7 damage)
             ... on level 4 of the Dungeon.
             The game lasted 00:06:25 (4067 turns).

Aksej the Cudgeller (Demonspawn Monk)               Turns: 4067, Time: 00:06:26

Health: -6/49      AC:  9    Str: 19    XL:     6   Next: 26%
Magic:  6/6        EV: 12    Int: 12    God:
Gold:   1232       SH:  0    Dex: 15    Spells: 5/5 levels left

rFire   . . .      SeeInvis .   a - +0 great mace
rCold   + . .      Faith    .   (shield currently unavailable)
rNeg    . . .      Spirit   .   o - +2 ring mail {rC+}
rPois   .          Reflect  .   d - +0 helmet
rElec   .          Harm     .   (no cloak)
rCorr   .          Rampage  .   g - +0 pair of gloves
Will    .....                   (no boots)
Stlth   ++........              (no amulet)
HPRegen 0.16/turn               i - +6 ring of strength
MPRegen 0.10/turn               (no ring)

@: lethally poisoned (-6 -> -23), attractive
A: claws 1, hooves 1, powered by death 1
a: no special abilities


You were on level 4 of the Dungeon.
You visited 1 branch of the dungeon, and saw 4 of its levels.

You collected 1232 gold pieces.

Inventory:

Hand Weapons
 a - a +0 great mace (weapon)
Missiles
 c - 5 javelins (quivered)
 l - 4 boomerangs
Armour
 d - a +0 helmet (worn)
 g - a +0 pair of gloves (worn)
 o - a +2 ring mail of cold resistance (worn)
Jewellery
 i - a +6 ring of strength (left hand)
Scrolls
 f - a scroll of amnesia {unknown}
 k - a scroll of immolation {unknown}
 m - a scroll of brand weapon {unknown}
 n - a scroll of teleportation {unknown}
Potions
 e - a potion of brilliance


   Skills:
 * Level 4.5 Fighting
 + Level 4.8 Maces & Flails
 + Level 3.1 Dodging
 + Level 3.1 Stealth


You had 5 spell levels left.
You didn't know any spells.
Your spell library contained the following spells:

 Spells                   Type           Power      Damage    Failure   Level
 Freeze                   Ice            0%         1d3       50%         1
 Call Canine Familiar     Summ           0%         N/A       86%         3
 Frozen Ramparts          Ice            0%         1d2       86%         3
 Portal Projectile        Hex/Tloc       0%         N/A       86%         3
 Hailstorm                Conj/Ice       0%         3d3       99%         4
 Leda's Liquefaction      Hex/Erth       0%         N/A       99%         4


Dungeon Overview and Level Annotations

Branches:
Dungeon (4/15)
 Temple: D:4-7

Altars:
Okawaru
Xom

Shops:
D:2 (   D:4 (

Annotations:
D:3 2 transporters


Innate Abilities, Weirdness & Mutations

You have sharp fingernails.
You have large cloven feet.
You regenerate a little health from kills.


Message History

The water moccasin bites you but does no damage.
You hit the water moccasin. Your kick misses the water moccasin.
The water moccasin is severely wounded.
You feel very sick. The water moccasin bites you.
The water moccasin closely misses you.
You closely miss the water moccasin.
The water moccasin is severely wounded.
You feel very sick. The water moccasin bites you.
The water moccasin bites you but does no damage.
You closely miss the water moccasin.
The water moccasin is severely wounded.
You feel very sick. The water moccasin bites you.
You are lethally poisoned!
The water moccasin poisons you! The water moccasin bites you.
* * * LOW HITPOINT WARNING * * *
It was a potion of heal wounds.
You feel much better.
You feel very sick.
The water moccasin bites you but does no damage.
Okay, then.
You miss the water moccasin.
The water moccasin is severely wounded.
You feel very sick. The water moccasin barely misses you.
The water moccasin bites you.
* * * LOW HITPOINT WARNING * * *
You closely miss the water moccasin. Your kick misses the water moccasin.
The water moccasin is severely wounded.
* * * LOW HITPOINT WARNING * * *
You feel very sick. The water moccasin closely misses you.
The water moccasin bites you.
* * * LOW HITPOINT WARNING * * *
You are more poisoned.
The water moccasin poisons you!
It was a potion of attraction.
You feel attractive to monsters.
* * * LOW HITPOINT WARNING * * *
You feel very sick. The water moccasin bites you!
You die...

####### #.....#
####.....#### ###
#...........# ##.##
)##.....##.###...#####
##.....##...........#
#..S@.#######...###.#
#.###.# ##.## #.. #
#.# #.# ### ..# #.#
### ##'# ##...##
##.....## #
##.......###
###.........##


You could see a water moccasin.

Vanquished Creatures
  An ogre (D:4)
  A howler monkey (D:4)
  A jelly (D:4)
  2 orc wizards (D:4)
  3 gnolls (D:4)
  An adder (D:2)
  An ufetubus (D:4)
  A worm (D:3)
  3 dart slugs (D:1)
  11 orcs
  4 endoplasms
  3 giant cockroaches
  7 hobgoblins
  2 jackals (D:4)
  A quokka (D:1)
  4 ball pythons
  4 bats
  9 goblins
  3 kobolds
  6 rats
  4 toadstools (D:1)
72 creatures vanquished.

Notes
Turn   | Place    | Note
-------+----------+-------------------------------------------
     0 | D:1      | Aksej the Demonspawn Monk began the quest for the Orb.
     0 | D:1      | Reached XP level 1. HP: 18/18 MP: 1/1
   614 | D:1      | Gained mutation: You regenerate a little health from kills.
                  | [demonic ancestry]
   614 | D:1      | Reached XP level 2. HP: 24/24 MP: 2/2
  1405 | D:2      | Discovered your monstrous ancestry.
  1405 | D:2      | Gained mutation: You have large cloven feet. [demonic
                  | ancestry]
  1405 | D:2      | Reached XP level 3. HP: 30/30 MP: 3/3
  1679 | D:2      | Found Uxzupostruu's Antique Weapon Boutique.
  1730 | D:2      | Noticed a shining eye
  1732 | D:2      | Found a faded altar of an unknown god.
  1735 | D:2      | Noticed a shining eye
  1841 | D:2      | Noticed a golden eye
  1845 | D:2      | Noticed an eye of devastation
  2034 | D:2      | Identified a scroll of acquirement
  2034 | D:2      | Acquired 1062 gold pieces
  2450 | D:3      | Noticed a sky beast
  2456 | D:3      | Found a transporter.
  2456 | D:3      | Noticed a phantom
  2457 | D:3      | Found a transporter.
  2475 | D:3      | Found an iron altar of Okawaru.
  2476 | D:3      | Found a shimmering altar of Xom.
  2476 | D:3      | Noticed a centaur
  2794 | D:4      | Found Livvor's Weapon Boutique.
  3015 | D:4      | Reached XP level 4. HP: 24/37 MP: 4/4
  3265 | D:4      | Noticed an ogre
  3281 | D:4      | Killed an ogre
  3282 | D:4      | Gained mutation: You have sharp fingernails. [demonic
                  | ancestry]
  3282 | D:4      | Reached XP level 5. HP: 35/43 MP: 5/5
  3305 | D:4      | Reached XP level 6. HP: 40/49 MP: 6/6
  4055 | D:4      | Noticed a water moccasin
  4067 | D:4      | HP: 1/49 [poisoned by a water moccasin]
  4067 | D:4      | Mangled by a water moccasin

Illustrated notes

Levels and vault maps discovered:
D:1:      ldierk_water_garden, layout_loops_ring, minmay_misc_feat_nine_boxes,
          nrook_mini_vaults, minmay_misc_feat_more_columns
D:2:      layout_basic, serial_shops, nicolae_shop_hallway_plus,
          hellmonk_ecumenical_altar_watching_god,
          corexii_item_surrounded_by_moat, kennysheep_generic_room_4
D:3:      layout_rooms, gammafunk_temple_overflow_arena, minivault_5
D:4:      cheibrodos_quashed, layout_loops_corners, serial_shops,
          nicolae_diamond_shop, wad_floor_pattern_2

Skill      XL: |  1  2  3  4  5 |
---------------+----------------+-----
Maces & Flails | 3 4 |  4.8
Stealth        | 2 3 |  3.1
Fighting       | 4 |  4.5
Dodging        | 3 |  3.1

Action                   |  1- 3 |  4- 6 || total
-------------------------+-------+-------++-------
Melee: Mace              |    43 |       ||    43
       Great mace        |    68 |    71 ||   139
       Kick              |     8 |     9 ||    17
  Use: Scroll            |     7 |       ||     7
       Potion            |       |     3 ||     3
 Stab: Sleeping          |     7 |     3 ||    10
       Distracted        |     2 |       ||     2
Armor: Robe              |    20 |     4 ||    24
       Skin              |       |    34 ||    34
       Ring mail         |       |     3 ||     3
Dodge: Dodged            |    60 |    43 ||   103

Table legend: (Time is in decaauts)
 A = Elapsed time spent in this place.
 B = Non-inter-level travel time spent in this place.
 C = Inter-level travel time spent in this place.
 D = Time resting spent in this place.
 E = Time spent auto-exploring this place.
 F = Levels seen in this place.
 G = Mean time per level.
                   A        B        C        D        E       F      G
               +--------+--------+--------+--------+--------+-----+--------+
         Total |   4147 |   4039 |    108 |      0 |   3436 |   4 | 1036.8 |
       Dungeon |   4147 |   4039 |    108 |      0 |   3436 |   4 | 1036.8 |
               +--------+--------+--------+--------+--------+-----+--------+

Top non-repeatable levels by time:
     D:4: 1308 daAuts
     D:1: 1300 daAuts
     D:2: 791 daAuts
     D:3: 747 daAuts
